 Dungeon Crawl Stone Soup version 0.27-a0-291-gd9602db6ee (webtiles) character file.

Game seed: 17094674373553993822

28 HoaS the Twirler (level 3, 0/21 HPs)
             Began as a Gargoyle Gladiator on Feb 9, 2021.
             Slain by a worm (6 damage)
             ... on level 2 of the Dungeon.
             The game lasted 00:01:55 (661 turns).

HoaS the Twirler (Gargoyle Gladiator)                Turns: 661, Time: 00:01:56

Health: 0/21       AC:  9    Str: 18    XL:     3   Next: 14%
Magic:  3/3        EV: 11    Int:  8    God:
Gold:   16         SH:  0    Dex: 11    Spells: 2/2 levels left

rFire    . . .     SeeInvis .   a - +0 quarterstaff
rCold    . . .     Faith    .   (shield currently unavailable)
rNeg     + . .     Spirit   .   l - +0 ring mail
rPois    ∞         Reflect  .   c - +0 helmet
rElec    +         Harm     .   (no cloak)
rCorr    .         Rampage  .   (no gloves)
Will     .....                  (no boots)
Stlth    +.........             (no amulet)
HPRegen  0.07/turn              (no ring)
MPRegen  0.08/turn              (no ring)

@: no status effects
A: negative energy resistance 1, electricity resistance, unbreathing,
petrification resistance, miasma immunity, AC +3
a: no special abilities


You were on level 2 of the Dungeon.
You visited 1 branch of the dungeon, and saw 2 of its levels.

You collected 16 gold pieces.

Inventory:

Hand Weapons
 a - a +0 quarterstaff (weapon)
Missiles
 d - 3 throwing nets (quivered)
 g - 26 bolts
 k - 5 boomerangs
Armour
 c - a +0 helmet (worn)
 l - a +0 ring mail (worn)
Jewellery
 h - an uncursed ring of willpower {unknown}
Potions
 f - a potion of heal wounds {unknown}
 i - a potion of cancellation {unknown}


   Skills:
 - Level 2.1 Fighting
 * Level 3.8 Staves
 + Level 1.3 Crossbows
 - Level 1.7 Throwing
 - Level 2.4 Dodging


You had 2 spell levels left.
You didn't know any spells.
Your spell library was empty.

Dungeon Overview and Level Annotations

Branches:
Dungeon (2/15)

Altars:


Innate Abilities, Weirdness & Mutations

You are resistant to torment.
Your stone body is resilient. (AC +3)
You are immune to poison.
You resist negative energy. (rN+)
You are resistant to electric shocks. (rElec)
You can survive without breathing.
You are immune to petrification.
You are immune to miasma.


Message History

You thump the worm!
The worm is heavily wounded.
The worm bites you!
You are too injured to fight recklessly!
You swing at nothing.
You hit the quokka.
The quokka is moderately wounded.
The quokka closely misses you.
The quokka bites you but does no damage.
You closely miss the quokka.
The quokka is moderately wounded.
The quokka bites you.
You sock the quokka!
You kill the quokka!
You hit the worm.
The worm is moderately wounded.
You barely miss the worm.
The worm is moderately wounded.
The worm bites you.
You die...

# ####.#####
#.<.......
#@####.###
#######w####.##
#.............#
#...(...####...
#....$..#
...$..(.#
#...??..#
#........
#.##.###.


You could see a worm.

Vanquished Creatures
  A dart slug (D:1)
  A leopard gecko (D:1)
  2 bats (D:1)
  A giant cockroach (D:1)
  3 goblins (D:1)
  4 hobgoblins (D:1)
  3 jackals (D:1)
  A quokka (D:2)
  3 frilled lizards (D:1)
  2 kobolds (D:1)
  A rat (D:1)
22 creatures vanquished.

Notes
Turn   | Place    | Note
-------+----------+-------------------------------------------
     0 | D:1      | HoaS the Gargoyle Gladiator began the quest for the Orb.
     0 | D:1      | Reached XP level 1. HP: 12/12 MP: 1/1
    70 | D:1      | Reached XP level 2. HP: 16/17 MP: 2/2
   161 | D:1      | Reached skill level 1 in Crossbows
   362 | D:1      | Reached XP level 3. HP: 21/21 MP: 3/3
   661 | D:2      | Slain by a worm

Illustrated notes

Levels and vault maps discovered:
D:1:      dpeg_arrival_solitude, layout_basic
D:2:      layout_loops_ring, nicolae_overflow_quartered_altars

Skill      XL: |  1  2 |
---------------+-------+-----
Crossbows      | 1 |  1.3
Fighting       | |  2.1
Staves         | |  3.8
Throwing       | |  1.7
Dodging        | |  2.4

Action                   || total
-------------------------++-------
Melee: Quarterstaff      ||    63
  Use: Scroll            ||     2
Armor: Leather armour    ||    21
       Ring mail         ||     1
Dodge: Dodged            ||    32

Table legend: (Time is in decaauts)
 A = Elapsed time spent in this place.
 B = Non-inter-level travel time spent in this place.
 C = Inter-level travel time spent in this place.
 D = Time resting spent in this place.
 E = Time spent auto-exploring this place.
 F = Levels seen in this place.
 G = Mean time per level.
                   A        B        C        D        E       F      G
               +--------+--------+--------+--------+--------+-----+--------+
         Total |    669 |    628 |     41 |      0 |    466 |   2 |  334.5 |
       Dungeon |    669 |    628 |     41 |      0 |    466 |   2 |  334.5 |
               +--------+--------+--------+--------+--------+-----+--------+

Top non-repeatable levels by time:
     D:1: 647 daAuts
     D:2: 21 daAuts
